 Dungeon Crawl Stone Soup version 0.19.5 (webtiles) character file.

107 tidbits the Shooter (level 4, 0/28 HPs)
             Began as a High Elf Arcane Marksman on July 17, 2017.
             Was a Follower of Makhleb.
             Slain by tidbits's ghost (1 damage)
             ... on level 3 of the Dungeon.
             The game lasted 00:10:59 (964 turns).

tidbits the Shooter (High Elf Arcane Marksman)       Turns: 964, Time: 00:11:00

Health: 0/28       AC:  8    Str: 11    XL:     4   Next: 56%
Magic:  6/6        EV: 11    Int: 22    God:    Makhleb [*.....]
Gold:   70         SH:  0    Dex: 14    Spells: 1 memorised, 4 levels left

rFire  . . .     SeeInvis .     a - +0 shortbow
rCold  . . .     Gourm    .     B - +0 ring mail
rNeg   . . .     Faith    .     (shield currently unavailable)
rPois  .         Spirit   .     E - +0 helmet
rElec  .         Reflect  .     C - +1 cloak
rCorr  .         Harm     .     (no gloves)
MR     .....                    (no boots)
Stlth  +.........               (no amulet)
                                (no ring)
                                (no ring)

@: brilliant
A: no striking features
a: Renounce Religion


You were on level 3 of the Dungeon.
You worshipped Makhleb.
Makhleb was aware of your devotion.
You were not hungry.

You visited 1 branch of the dungeon, and saw 4 of its levels.

You collected 70 gold pieces.

Inventory:

Hand Weapons
 a - a +0 shortbow (weapon)
 b - a +0 short sword
   (You took it off a kobold on level 2 of the Dungeon)
Missiles
 d - 18 arrows (quivered)
 e - 32 stones
Armour
 g - a +0 robe
 B - a +0 ring mail (worn)
   (You found it on level 2 of the Dungeon)
 C - a +1 cloak (worn)
   (You found it on level 3 of the Dungeon)
 E - a +0 helmet (worn)
   (You found it on level 1 of the Dungeon)
Scrolls
 j - 2 scrolls of remove curse {unknown}
 l - a scroll of teleportation {unknown}
 n - 2 scrolls of noise {unknown}
 o - 3 scrolls of identify {unknown}
 p - a scroll of enchant armour {unknown}
 q - a scroll of immolation {unknown}
Books
 c - a book of Debilitation

   Spells                             Type                      Level
   a - Corona                         Hexes                        1
   b - Slow                           Hexes                        2
   c - Gell's Gravitas                Hexes/Translocation          3
   d - Inner Flame                    Hexes/Fire                   3
   e - Cause Fear                     Hexes                        4
   f - Leda's Liquefaction            Hexes/Earth                  4
Comestibles
 f - 2 bread rations
 k - a royal jelly
 m - a beef jerky


   Skills:
 - Level 1.0 Fighting
 + Level 6.4 Bows
 - Level 2.1 Dodging
 - Level 1.2 Spellcasting
 - Level 3.0 Hexes


You had 4 spell levels left.
You knew the following spells:

 Your Spells              Type           Power        Failure   Level  Hunger
o - Corona                Hex            ####...      1%          1    ##.....


Dungeon Overview and Level Annotations

Branches:
Dungeon (4/15)
 Temple: D:4-7

Altars:
Makhleb
Yredelemnul

Annotations:
D:3 tidbits's ghost, weakling HEWn


Message History

You see here a ball python corpse.
Firing (i - inventory. (,) - cycle):
d - 32 arrows (quivered)
Press: ? - help, Shift-Dir - straight line, f - tidbits's ghost
Aim: tidbits's ghost You shoot an arrow.
The arrow barely misses tidbits's ghost.
Firing (i - inventory. (,) - cycle):
d - 31 arrows (quivered)
Press: ? - help, Shift-Dir - straight line, f/p - tidbits's ghost
Aim: tidbits's ghost You shoot an arrow.
The arrow hits tidbits's ghost but does no damage.
Firing (i - inventory. (,) - cycle):
d - 30 arrows (quivered)
Press: ? - help, Shift-Dir - straight line, f/p - tidbits's ghost
Aim: tidbits's ghost You shoot an arrow.
The arrow hits tidbits's ghost.
Tidbits's ghost is lightly damaged.
A kobold comes into view. It is wielding a long sword.
It was a potion of curing.
You feel better.
The kobold shouts!
Firing (i - inventory. (,) - cycle):
d - 29 arrows (quivered)
Press: ? - help, Shift-Dir - straight line, f/p - tidbits's ghost
Aim: tidbits's ghost (lightly damaged)
You shoot an arrow.
The arrow closely misses tidbits's ghost.
Tidbits's ghost barely misses you.
Firing (i - inventory. (,) - cycle):
d - 28 arrows (quivered)
Press: ? - help, Shift-Dir - straight line, f - kobold, p - tidbits's ghost
Aim: a kobold, wielding a long sword You shoot an arrow.
The arrow hits tidbits's ghost.
Tidbits's ghost is moderately damaged.
Tidbits's ghost closely misses you.
Firing (i - inventory. (,) - cycle):
d - 27 arrows (quivered)
Press: ? - help, Shift-Dir - straight line, f/p - kobold
Aim: a kobold, wielding a long sword You shoot an arrow.
The arrow barely misses tidbits's ghost.
The arrow completely misses the kobold.
Tidbits's ghost holds its blade at the ready.
Tidbits's ghost hits you.
Firing (i - inventory. (,) - cycle):
d - 26 arrows (quivered)
Press: ? - help, Shift-Dir - straight line, f/p - kobold
Aim: a kobold, wielding a long sword You shoot an arrow.
The arrow closely misses tidbits's ghost.
The arrow closely misses the kobold.
Tidbits's ghost hits you.
Firing (i - inventory. (,) - cycle):
d - 25 arrows (quivered)
Press: ? - help, Shift-Dir - straight line, f/p - kobold
Aim: a kobold, wielding a long sword You shoot an arrow.
The arrow hits tidbits's ghost.
Tidbits's ghost is moderately damaged.
Tidbits's ghost hits you but does no damage.
Firing (i - inventory. (,) - cycle):
d - 24 arrows (quivered)
Press: ? - help, Shift-Dir - straight line, f/p - kobold
Aim: a kobold, wielding a long sword You shoot an arrow.
The arrow hits tidbits's ghost but does no damage.
Tidbits's ghost is moderately damaged.
Tidbits's ghost barely misses you.
Firing (i - inventory. (,) - cycle):
d - 23 arrows (quivered)
Press: ? - help, Shift-Dir - straight line, f/p - kobold
Aim: a kobold, wielding a long sword You shoot an arrow.
The arrow hits tidbits's ghost but does no damage.
Tidbits's ghost is moderately damaged.
Tidbits's ghost barely misses you.
Firing (i - inventory. (,) - cycle):
d - 22 arrows (quivered)
Press: ? - help, Shift-Dir - straight line, f/p - kobold
Aim: a kobold, wielding a long sword You shoot an arrow.
The arrow hits tidbits's ghost!
Tidbits's ghost is severely damaged.
Tidbits's ghost hits you.
Firing (i - inventory. (,) - cycle):
d - 21 arrows (quivered)
Press: ? - help, Shift-Dir - straight line, f/p - kobold
Aim: a kobold, wielding a long sword You shoot an arrow.
The arrow hits tidbits's ghost.
Tidbits's ghost is almost destroyed.
Tidbits's ghost whispers, "Meet the emptiness of death!"
Tidbits's ghost hits you.
* * * LOW HITPOINT WARNING * * *
Firing (i - inventory. (,) - cycle):
d - 20 arrows (quivered)
Press: ? - help, Shift-Dir - straight line, f/p - kobold
Aim: a kobold, wielding a long sword You shoot an arrow.
The arrow closely misses tidbits's ghost.
The arrow hits the kobold.
The kobold is moderately wounded.
Tidbits's ghost closely misses you.
Firing (i - inventory. (,) - cycle):
d - 19 arrows (quivered)
Press: ? - help, Shift-Dir - straight line, f/p - kobold
Aim: a kobold, wielding a long sword (moderately wounded)
You shoot an arrow.
The arrow hits tidbits's ghost but does no damage.
Tidbits's ghost is almost destroyed.
Tidbits's ghost hits you!
* * * LOW HITPOINT WARNING * * *
Unknown command.
It was a potion of brilliance.
You feel clever all of a sudden. Tidbits's ghost hits you.
You die...

#.......## #
#.#
.........###
#.#
#........#<.
#.#
..(........#
#.# #
...(....##.#
#.###.#
#8..(8..##.#
#.<...#
...8....##.#
#######
.......†##.#
.....((KW@.#
#.......##.#
.#......##.#
#.#.....##.#
##.#....##.#
#########
##.#...#..#
#.......#
##.#..#..#
#.#####.#
##.#.#..#
#.# #.# #..#
#.# #.###


You could see tidbits's ghost and a kobold.

Vanquished Creatures
  4 gnolls (D:2)
  3 adders
  An ooze (D:2)
  A worm (D:2)
  A dart slug (D:2)
  2 orcs
  3 giant cockroaches
  6 goblins
  3 jackals (D:2)
  2 kobolds
  A ball python (D:3)
  4 bats
  A frilled lizard (D:2)
  A jackal skeleton (D:4)
  A rat (D:1)
34 creatures vanquished.

Notes
Turn   | Place    | Note
-------+----------+-------------------------------------------
     0 | D:1      | tidbits the High Elf Arcane Marksman began the quest for the Orb.
     0 | D:1      | Reached XP level 1. HP: 13/13 MP: 3/3
    68 | D:1      | Reached skill level 3 in Bows
   148 | D:2      | Reached XP level 2. HP: 18/18 MP: 4/4
   175 | D:2      | Found a burning altar of Makhleb.
   176 | D:2      | Found a basalt altar of Yredelemnul.
   181 | D:2      | Became a worshipper of Makhleb the Destroyer
   263 | D:2      | Reached skill level 4 in Bows
   264 | D:2      | Reached XP level 3. HP: 14/23 MP: 5/5
   281 | D:2      | Reached skill level 5 in Bows
   572 | D:2      | Reached XP level 4. HP: 19/28 MP: 6/6
   664 | D:3      | Reached skill level 6 in Bows
   707 | D:3      | Noticed tidbits's ghost (weakling HEWn)
   785 | D:4      | Reached * piety under Makhleb
   963 | D:3      | HP: 1/28 [tidbits's ghost (9)]
   964 | D:3      | Slain by tidbits's ghost

Skill      XL: |  1  2  3  4 |
---------------+-------------+-----
Bows           | 3 4 5 6 |  6.4
Fighting       | |  1.0
Dodging        | |  2.1
Spellcasting   | |  1.2
Hexes          | |  3.0

Action                   |  1- 3 |  4- 6 || total
-------------------------+-------+-------++-------
Melee: Short sword       |    28 |     1 ||    29
 Fire: Shortbow          |    51 |    57 ||   108
  Use: Potion            |       |     2 ||     2
Armor: Robe              |     2 |       ||     2
       Ring mail         |    17 |    14 ||    31
Dodge: Dodged            |    27 |    24 ||    51

Table legend:
 A = Turns spent in this place as a percentage of turns spent in the entire game.
 B = Non-inter-level travel turns spent in this place as a percentage of non-inter-level travel turns spent in the entire game.
 C = Inter-level travel turns spent in this place as a percentage of turns spent in this place.
 D = Turns resting spent in this place as a percentage of non-inter-level travel turns spent in this place.
 E = Turns spent auto-exploring this place as a percentage of non-inter-level travel turns spent in this place.
 F = Non-inter-level travel turns spent in this place divided by the number of levels of this place that you've seen.
                   A       B       C       D       E      F
               +-------+-------+-------+-------+-------+----------------------
         Total | 100.0 | 100.0 |   0.0 |   0.0 |   0.0 | 213.2
       Dungeon | 100.0 | 100.0 |   0.0 |   0.0 |   0.0 | 213.2
               +-------+-------+-------+-------+-------+----------------------

Table legend:
 A = Kills in this place as a percentage of kills in entire the game.
 B = Kills by you in this place as a percentage of kills by you in the entire game.
 C = Kills by friends in this place as a percentage of kills by friends in the entire game.
 D = Other kills in this place as a percentage of other kills in the entire game.
 E = Experience gained in this place as a percentage of experience gained in the entire game.
 F = Experience gained in this place divided by the number of levels of this place that you have seen.
                   A       B       C       D       E      F
               +-------+-------+-------+-------+-------+----------------------
         Total | 100.0 | 100.0 |  -nan |  -nan | 100.0 |  38.2
       Dungeon | 100.0 | 100.0 |  -nan |  -nan | 100.0 |  38.2
               +-------+-------+-------+-------+-------+----------------------

Vault maps used:
D:1:      dpeg_arrival_concentric_ovals, minmay_misc_feat_rows
D:2:      gammafunk_temple_overflow_statue
D:3:      wad_pebble_path, portal_sewer_entry_e
D:4:      grunt_temple_overflow_growth_and_decay, old_standard_altar,
          cheibriados_altar_1
